Match 20111677
Unlisted

Match 20111677
End
Panzergrenadier Squad
Panzergrenadier Squad
Construct Light Support Kompanie
MG34 Team
2.5-tonne Medical Truck
Selects Italian Infantry
Fire Support Elements
Selects Guastatori Squad
Selects L6/40 Light Tank Combat Group
L6/40 Light Tank Combat Group
Pak 38 Anti-tank Gun Team
Vehicle Survival Package
Construct Mechanized Kompanie
8 Rad Armored Car
Veteran Squad Leaders
Advanced Field Repairs
254 Reconnaissance Tractor
Selects Defensive Operations
Selects Towed Cannone da 105/28 Field Howitzer
Towed Cannone da 105/28 Field Howitzer
Panzerpioneer Squad
Construct Panzerarmee Kommand
Armored Reserves
Selects Prepared Positions
Panzer IV Assault Group
Tungsten Core Ammunition
254 Reconnaissance Tractor
Advanced Optics
AI Takeover
Rapallo
Boneless
BazookaJoe
Jesulin
PAUG.S®
Eber
0
0

Comments sign in to comment!

No comments posted yet!